 Dungeon Crawl Stone Soup version 0.31-a0-1388-g4b2ba238e7 (webtiles) character file.

Game seed: 12568257410881798066

433 wildpjah the Slasher (level 6, -5/46 HPs)
             Began as a Demonspawn Gladiator on Dec 24, 2023.
             Was a Follower of Nemelex Xobeh.
             Slain by an orc warrior
             ... wielding a +0 flail
              (10 damage)
             ... on level 4 of the Dungeon.
             The game lasted 00:04:40 (2256 turns).

wildpjah the Slasher (Demonspawn Gladiator)         Turns: 2256, Time: 00:04:41

Health: -5/46      AC:  6    Str: 14    XL:     6   Next: 67%
Magic:  6/6        EV: 13    Int:  9    God:    Nemelex Xobeh [*.....]
Gold:   123        SH:  0    Dex: 16    Spells: 5/5 levels left

rFire   . . .        a - +0 long sword
rCold   . . .        (no shield)
rNeg    . . .        b - +0 leather armour
rPois   .            c - +0 helmet
rElec   .            (no cloak)
rCorr   .            (no gloves)
SInv    .            (no boots)
Will    .....        k - amulet of the acrobat
Stlth   ++           (no ring)
HPRegen 0.27/turn    (no ring)
MPRegen 0.20/turn

%: acrobat
@: no status effects
A: slimy green scales 1, magic regeneration, demonic touch 2
a: Renounce Religion, Draw Escape, Draw Destruction, Draw Summoning


You were on level 4 of the Dungeon.
You worshipped Nemelex Xobeh.
Nemelex Xobeh was aware of your devotion.
You visited 2 branches of the dungeon, and saw 5 of its levels.

You collected 123 gold pieces.

Inventory:

Hand Weapons
 a - a +0 long sword (weapon)
 j - a +1 dagger of speed
 t - a +3 dagger
 y - a +0 long sword
Armour
 b - a +0 leather armour (worn)
 c - a +0 helmet (worn)
Jewellery
 k - an amulet of the acrobat (around neck)
 z - a ring of ice
Wands
 u - a wand of flame (14) (quivered)
Scrolls
 f - a scroll of amnesia {unknown}
 i - 2 scrolls of revelation {unknown}
 l - a scroll of blinking {unknown}
 o - a scroll of vulnerability {unknown}
 p - 2 scrolls of teleportation {unknown}
 q - 5 scrolls of identify {unknown}
 r - a scroll of fear {unknown}
 v - a scroll of immolation {unknown}
 x - a scroll of brand weapon {unknown}
Potions
 g - 4 potions of curing {unknown}
 h - a potion of invisibility {unknown}
 m - a potion of might {unknown}
 n - a potion of heal wounds {unknown}
 s - 2 potions of magic {unknown}
 w - a potion of brilliance {unknown}


   Skills:
 + Level 2.8 Fighting
 + Level 5.2 Long Blades
 + Level 2.1 Throwing
 * Level 2.2 Armour
 * Level 3.7 Dodging
 + Level 1.0 Stealth


You had 5 spell levels left.
You didn't know any spells.
Your spell library contained the following spells:

 Spells                   Type           Power      Damage    Failure   Level
 Necrotise                Necr           0%         1d4       45%         1
 Vampiric Draining        Necr           0%         2d6       83%         3
 Agony                    Necr           0%         N/A       100%        5


Dungeon Overview and Level Annotations

Branches:
Dungeon (4/15)             Temple (1/1) D:4

Altars:
Fedhas
Gozag
Hepliaklqana
Kikubaaqudgha
Nemelex Xobeh
Okawaru
Qazlal
Ru
Sif Muna
Trog
Uskayaw
Vehumet
Wu Jian
Yredelemnul


Innate Abilities, Weirdness & Mutations

You are partially covered in slimy green scales. (AC +2)
You regenerate magic rapidly.
Your touch may inflict irresistible damage on your foes.


Message History

The orc warrior struggles against the net.
The hound closely misses you.
You hit the orc warrior but do no damage.
The orc warrior is heavily wounded.
The quokka barely misses you. The hound bites you.
The orc warrior struggles against the net.
The net rips apart, and the orc warrior comes free!
The quokka closely misses you. The hound closely misses you.
Throw: throwing net
Press: ? - help, Q - select action, (/) - cycle Shift-Dir - straight line, f/p - orc warrior
Aim: an orc warrior, wielding a +0 flail and wearing a +0 plate armour (heavily wounded, 59% to hit)
You throw a throwing net.
The throwing net closely misses the orc warrior.
The orc warrior hits you with a +0 flail.
The hound closely misses you. The quokka barely misses you.
You hit the orc warrior. Your touch misses the orc warrior.
The orc warrior is severely wounded.
The orc warrior hits you with a +0 flail.
The hound bites you but does no damage. The quokka barely misses you.
You closely miss the orc warrior.
The orc warrior is severely wounded.
The hound bites you but does no damage.
The orc warrior hits you with a +0 flail.
* * * LOW HITPOINT WARNING * * *
The quokka bites you but does no damage.
The hound barely misses you.
The orc warrior hits you with a +0 flail.
* * * LOW HITPOINT WARNING * * *
The quokka bites you but does no damage.
Aiming: Throw Flame
Press: ? - help, Q - select action, (/) - cycle Shift-Dir - straight line, f/p - orc warrior
Aim: an orc warrior, wielding a +0 flail and wearing a +0 plate armour (heavily wounded, 68% to hit)
The puff of flame hits the orc warrior.
The orc warrior is severely wounded.
The hound bites you but does no damage. The hound barely misses you.
The quokka bites you.
* * * LOW HITPOINT WARNING * * *
The orc warrior hits you with a +0 flail!
You die...
Your body disappears without a glow.

#.............#.......#.........
#.............#.......#.........
#########.....#.......#.........
#.....#.......#.....####
#.....#.......# ...
#.....##+###### #..............
######..h...... #.@r.....(
#.)o...... #......... #.........
#......... #......(.. ##########


You could see an orc warrior, a hound and a quokka.

Vanquished Creatures
  Grinder (D:3)
  A bombardier beetle (D:3)
  Natasha (thrice) (D:3)
  An orc wizard (D:2)
  4 adders
  A gnoll (D:4)
  A worm (D:2)
  A dart slug (D:1)
  10 orcs
  3 endoplasms
  4 giant cockroaches
  4 goblins
  6 hobgoblins
  2 jackals (D:3)
  5 kobolds
  5 quokkas
  3 bats
  3 frilled lizards
  3 rats
61 creatures vanquished.

Notes
Turn   | Place    | Note
-------+----------+-------------------------------------------
     0 | D:1      | wildpjah the Demonspawn Gladiator began the quest for the
                  | Orb.
     0 | D:1      | Reached XP level 1. HP: 16/16 MP: 1/1
   222 | D:1      | Reached skill level 3 in Long Blades
   223 | D:1      | Gained mutation: Your touch may inflict minor irresistible
                  | damage on your foes. [demonic ancestry]
   223 | D:1      | Reached XP level 2. HP: 19/22 MP: 2/2
   690 | D:2      | Found a sparkling altar of Nemelex Xobeh.
   708 | D:2      | Gained mutation: You are partially covered in slimy green
                  | scales. (AC +2) [demonic ancestry]
   708 | D:2      | Reached XP level 3. HP: 26/27 MP: 3/3
   868 | D:2      | Became a worshipper of Nemelex Xobeh the Trickster
  1219 | D:3      | Noticed Grinder
  1228 | D:2      | Gained mutation: You regenerate magic rapidly. [demonic
                  | ancestry]
  1228 | D:2      | Reached XP level 4. HP: 33/34 MP: 4/4
  1320 | D:3      | Paralysed by Grinder for 5 turns
  1341 | D:3      | Killed Grinder
  1342 | D:3      | Reached skill level 4 in Long Blades
  1342 | D:3      | Reached skill level 1 in Armour
  1342 | D:3      | Gained mutation: Your touch may inflict irresistible damage
                  | on your foes. [demonic ancestry]
  1342 | D:3      | Reached XP level 5. HP: 15/39 MP: 5/5
  1342 | D:3      | Reached XP level 6. HP: 17/46 MP: 6/6
  1376 | D:3      | Reached skill level 5 in Long Blades
  1558 | D:3      | Found a faded altar of an unknown god.
  1711 | D:3      | Noticed Natasha
  1713 | D:3      | Killed Natasha
  1750 | D:3      | Noticed Natasha
  1757 | D:3      | Killed Natasha
  1789 | D:3      | Noticed Natasha
  1799 | D:3      | Killed Natasha
  1800 | D:3      | Reached skill level 1 in Stealth
  1922 | D:4      | Reached * piety under Nemelex Xobeh
  1965 | D:4      | Identified the +0 spear "Asyvoun" {freeze, rElec Will+
                  | rCorr}
  2049 | D:4      | Found a staircase to the Ecumenical Temple.
  2074 | Temple   | Entered the Ecumenical Temple
  2237 | D:4      | Noticed an orc warrior
  2256 | D:4      | Slain by an orc warrior

Illustrated notes

Levels and vault maps discovered:
D:1:      roderic_crossed_star, layout_basic
D:2:      layout_rooms, basic_altar, kennysheep_potato
D:3:      layout_rooms, chequers_ecumenical_altar_simple_redux,
          minmay_crystal_room, minivault_23, uniq_grinder, uniq_natasha
D:4:      minmay_evil_eye, layout_gridville, minmay_temple_entry_sparse_star
Temple:   regret_index_temple_waves

Skill      XL: |  1  2  3  4  5  6 |
---------------+-------------------+-----
Long Blades    | 3 4 5 |  5.2
Dodging        | 3 |  3.7
Throwing       | 2 |  2.1
Armour         | 1 2 |  2.2
Stealth        | 1 |  1.0
Fighting       | |  2.8

Action                     |  1- 3 |  4- 6 || total
---------------------------+-------+-------++-------
  Melee: Long sword        |    72 |    76 ||   148
         Touch             |    14 |    12 ||    26
  Throw: Throwing net      |       |     5 ||     5
         Javelin           |       |     2 ||     2
  Evoke: Wand              |       |     1 ||     1
   Stab: Held in net/web   |       |     2 ||     2
 Armour: Leather armour    |    42 |    45 ||    87
  Dodge: Dodged            |    54 |    71 ||   125

Table legend: (Time is in decaauts)
 A = Elapsed time spent in this place.
 B = Non-inter-level travel time spent in this place.
 C = Inter-level travel time spent in this place.
 D = Time resting spent in this place.
 E = Time spent auto-exploring this place.
 F = Levels seen in this place.
 G = Mean time per level.
                   A        B        C        D        E       F      G
               +--------+--------+--------+--------+--------+-----+--------+
         Total |   2302 |   2161 |    141 |     45 |   1666 |   5 |  460.4 |
       Dungeon |   2301 |   2160 |    141 |     45 |   1666 |   4 |  575.2 |
        Temple |      1 |      1 |      0 |      0 |      0 |   1 |    1.0 |
               +--------+--------+--------+--------+--------+-----+--------+

Top non-repeatable levels by time:
     D:3: 683 daAuts
     D:2: 655 daAuts
     D:1: 570 daAuts
     D:4: 391 daAuts
  Temple: 1 daAuts
